 Dungeon Crawl Stone Soup version 0.22-a0-247-gbddf880757 (webtiles) character file.

3268 marsu the Cleaver (level 9, -1/117 HPs)
             Began as a Minotaur Berserker on Feb 23, 2018.
             Was a High Priest of Trog.
             Slain by a two-headed ogre
             ... wielding a +0 dire flail
              (8 damage)
             ... on level 9 of the Dungeon.
             The game lasted 00:15:27 (7210 turns).

marsu the Cleaver (Minotaur Berserker)              Turns: 7210, Time: 00:15:28

Health: -1/117     AC: 13    Str: 27    XL:     9   Next: 68%
Magic:  8/8        EV:  2    Int:  4    God:    Trog [*****.]
Gold:   600        SH:  0    Dex: 17    Spells: 8/8 levels left

rFire    . . .     SeeInvis .   C - +2 battleaxe (chop)
rCold    . . .     Gourm    .   (shield currently unavailable)
rNeg     + + +     Faith    .   d - +0 pearl dragon scales
rPois    ∞         Spirit   .   (helmet restricted)
rElec    .         Reflect  .   (no cloak)
rCorr    .         Harm     .   w - +0 pair of gloves
MR       .....                  (no boots)
Stlth    ..........             (no amulet)
HPRegen  0.29/turn              e - +4 ring of dexterity
MPRegen  0.11/turn              P - ring of poison resistance

@: berserking, petrified
A: retaliatory headbutt, horns 2
a: Berserk, Trog's Hand, Brothers in Arms, Renounce Religion


You were on level 9 of the Dungeon.
You worshipped Trog.
Trog was extremely pleased with you.
You were very hungry.

You visited 1 branch of the dungeon, and saw 9 of its levels.

You collected 600 gold pieces.

Inventory:

Hand Weapons
 z - a +3 dire flail of holy wrath
 C - a +2 battleaxe of chopping (weapon)
Missiles
 a - 5 exploding tomahawks
 j - 13 tomahawks
 k - 78 poisoned needles
 y - 5 steel javelins
 Q - 408 stones (quivered)
Armour
 d - +0 pearl dragon scales (worn)
 w - a +0 pair of gloves (worn)
Jewellery
 e - a +4 ring of dexterity (left hand)
 r - an uncursed ring of ice {rC+, rF-}
 P - a ring of poison resistance (right hand)
Wands
 s - a wand of polymorph (10)
 A - a wand of acid (11)
 D - a wand of digging (14)
Scrolls
 f - 5 scrolls of remove curse
 g - 2 scrolls of enchant armour
 m - 3 scrolls of enchant weapon
 q - 2 scrolls of magic mapping {!r}
 t - 2 scrolls of teleportation
 B - a scroll of blinking {!r}
Potions
 b - 3 potions of heal wounds
 h - a potion of mutation {!q}
 l - a potion of flight
 n - a potion of resistance {unknown}
 o - 2 potions of magic
 p - 2 potions of brilliance
 u - 2 potions of curing
 v - a potion of lignification {unknown}
 x - a potion of berserk rage {!q}
 E - a potion of agility
Comestibles
 c - 14 rations


   Skills:
 + Level 6.4 Fighting
 * Level 14.3 Axes
 + Level 5.7 Armour
 - Level 2.1 Dodging


You had 8 spell levels left.
You didn't know any spells.

Dungeon Overview and Level Annotations

Branches:
Dungeon (9/15)             Temple (0/1) D:5            Lair (0/6) D:9
    Orc: D:9-12

Altars:
Hepliaklqana
Makhleb
Sif Muna
Wu Jian
The Shining One

Shops:
D:5 =


Innate Abilities, Weirdness & Mutations

You reflexively headbutt those who attack you in melee.
You have a pair of horns on your head.


Message History

* * * LOW HITPOINT WARNING * * *
The two-headed ogre barely misses you.
The scorpion stings you but does no damage.
The elephant tramples you but does no damage.
The elephant trunk-slaps you but does no damage.
The yak barely misses you. The basilisk gazes at you.
The two-headed ogre hits you with a dire flail.
* * * LOW HITPOINT WARNING * * *
The two-headed ogre hits you with a giant spiked club!
* * * LOW HITPOINT WARNING * * *
The scorpion stings you.
* * * LOW HITPOINT WARNING * * *
The elephant tramples you but does no damage.
The elephant trunk-slaps you. The yak gores you.
* * * LOW HITPOINT WARNING * * *
The basilisk bites you!
* * * LOW HITPOINT WARNING * * *
The two-headed ogre hits you with a dire flail!
You die...

#.# #.####.#
#... #.#.....
#...# #.#.##.#
#.}... #.#.##>#
..P...
#.#.##.##(P....
#.#.##.#.......
#<#.##.#Ys.....
#.....s@Or..>).
###.###lY......
#.# #........
#.. #.#.P?.P.
##.##.#......
.##.##.....
.##.# #.$.#
.##.# #... s#


You could see an elephant, a two-headed ogre, a yak, a basilisk, 2 scorpions and
a quokka.

Vault maps used:
D:1:      zaba_arrival_water, minmay_tromino_mix6
D:2:      wad_woods_pond, first_ration, chequers_ecumenical_altar_lobes
D:3:      cheibrodos_fertilizer, nicolae_overflow_crystal_walls, uniq_ijyb
D:4:      grunt_temple_overflow_open
D:5:      minmay_temple_entry_crystal_x, serial_shops, nicolae_shop_trees,
          nicolae_tso_besieged_by_evil
D:6:      basic_altar, kennysheep_generic_room_12, uniq_edmund
D:7:      uniq_prince_ribbit1, uniq_duvessa
D:9:      david_lair_generic, hangedman_ranch

Notes
Turn   | Place    | Note
-------+----------+-------------------------------------------
     0 | D:1      | marsu the Minotaur Berserker began the quest for the Orb.
     0 | D:1      | Reached XP level 1. HP: 19/19 MP: 0/0
    58 | D:1      | Reached skill level 4 in Axes
   100 | D:1      | Reached XP level 2. HP: 19/26 MP: 1/1
   235 | D:1      | Identified a ring of dexterity (You found it on level 1 of the Dungeon)
   298 | D:1      | Identified a +0 scale mail (You found it on level 1 of the Dungeon)
   759 | D:2      | Reached skill level 5 in Axes
   817 | D:2      | Reached XP level 3. HP: 26/31 MP: 2/2
   924 | D:2      | Reached ** piety under Trog
   943 | D:2      | Found a faded altar of an unknown god.
  1127 | D:2      | Reached XP level 4. HP: 37/39 MP: 3/3
  1129 | D:2      | Reached skill level 6 in Axes
  1613 | D:3      | Identified +0 pearl dragon scales (You found it on level 3 of the Dungeon)
  1615 | D:3      | Identified a ring of poison resistance (You found it on level 2 of the Dungeon)
  1965 | D:3      | Identified a ring of ice (You found it on level 3 of the Dungeon)
  2014 | D:3      | Found a hazy altar of Hepliaklqana.
  2065 | D:3      | Noticed Ijyb
  2096 | D:3      | Identified a +0 hand axe
  2106 | D:3      | Killed Ijyb
  2258 | D:3      | Reached skill level 7 in Axes
  2258 | D:3      | Reached XP level 5. HP: 45/45 MP: 4/4
  2607 | D:3      | Reached *** piety under Trog
  2631 | D:3      | Reached skill level 8 in Axes
  2634 | D:3      | Reached XP level 6. HP: 24/51 MP: 5/5
  3207 | D:4      | Noticed Zaque's ghost (amateur DDMo)
  3240 | D:4      | Killed Zaque's ghost
  3240 | D:4      | Reached skill level 9 in Axes
  3240 | D:4      | Reached XP level 7. HP: 53/57 MP: 6/6
  3607 | D:4      | Found an ornate altar of the Wu Jian Council.
  3609 | D:4      | Found a deep blue altar of Sif Muna.
  3609 | D:4      | Found a burning altar of Makhleb.
  3618 | D:4      | Identified a +0 hand axe of freezing (You took it off an orc on level 4 of the Dungeon)
  3692 | D:5      | Entered Level 5 of the Dungeon
  3702 | D:5      | Reached skill level 10 in Axes
  3973 | D:5      | Found Caddov's Jewellery Shoppe.
  4025 | D:5      | Found a staircase to the Ecumenical Temple.
  4066 | D:5      | Reached skill level 11 in Axes
  4170 | D:5      | Found a glowing golden altar of the Shining One.
  4172 | D:5      | Reached **** piety under Trog
  4175 | D:5      | Reached XP level 8. HP: 58/64 MP: 7/7
  4200 | D:5      | Received a gift from Trog
  4744 | D:6      | Noticed Edmund
  4767 | D:6      | Reached skill level 12 in Axes
  4776 | D:6      | Killed Edmund
  4790 | D:6      | Found a hazy altar of Hepliaklqana.
  4951 | D:6      | Reached skill level 13 in Axes
  5428 | D:7      | Identified 11 scrolls of identify
  5428 | D:7      | Identified a potion of magic
  5429 | D:7      | Identified 2 potions of degeneration
  5430 | D:7      | Identified a potion of agility
  5431 | D:7      | Identified a scroll of blinking
  5432 | D:7      | Identified 2 scrolls of magic mapping
  5433 | D:7      | Identified 2 scrolls of enchant armour
  5434 | D:7      | Identified 3 scrolls of enchant weapon
  5435 | D:7      | Identified 5 scrolls of remove curse
  5436 | D:7      | Identified 2 scrolls of teleportation
  5437 | D:7      | Identified a potion of heal wounds
  5438 | D:7      | Identified a potion of mutation
  5500 | D:7      | Identified a scroll of immolation
  5501 | D:7      | Identified a scroll of amnesia
  5502 | D:7      | Identified a scroll of noise
  5506 | D:7      | Noticed Dowan
  5507 | D:7      | Noticed Duvessa
  5520 | D:7      | Killed Duvessa
  5530 | D:7      | Killed Dowan
  5530 | D:7      | Reached XP level 9. HP: 58/70 MP: 8/8
  5593 | D:7      | Reached skill level 14 in Axes
  5598 | D:7      | Reached ***** piety under Trog
  5598 | D:7      | Reached skill level 4 in Fighting
  5675 | D:7      | Reached skill level 3 in Armour
  5763 | D:7      | Noticed Prince Ribbit
  5773 | D:7      | Killed Prince Ribbit
  5773 | D:7      | Reached skill level 4 in Armour
  6121 | D:8      | Reached skill level 5 in Fighting
  6163 | D:8      | Reached skill level 5 in Armour
  6177 | D:8      | Identified a +2 battleaxe of chopping (You took it off an orc warrior on level 8 of the Dungeon)
  6478 | D:8      | Identified a +0 pair of gloves (You found it on level 8 of the Dungeon)
  6590 | D:8      | Reached skill level 6 in Fighting
  6698 | D:8      | Received a gift from Trog
  6953 | D:8      | Identified 2 potions of curing
  6954 | D:8      | Identified a potion of brilliance
  6955 | D:8      | Identified a potion of berserk rage
  6956 | D:8      | Identified a potion of flight
  7196 | D:9      | Found a staircase to the Lair.
  7196 | D:9      | Noticed an elephant
  7197 | D:9      | Noticed a two-headed ogre
  7207 | D:9      | HP: 29/117 [scorpion (3)]
  7209 | D:9      | HP: 14/117 [yak (1)]
  7210 | D:9      | Identified a +0 dire flail
  7210 | D:9      | Slain by a two-headed ogre

Table legend:
 A = Turns spent in this place as a percentage of turns spent in the entire game.
 B = Non-inter-level travel turns spent in this place as a percentage of non-inter-level travel turns spent in the entire game.
 C = Inter-level travel turns spent in this place as a percentage of turns spent in this place.
 D = Turns resting spent in this place as a percentage of non-inter-level travel turns spent in this place.
 E = Turns spent auto-exploring this place as a percentage of non-inter-level travel turns spent in this place.
 F = Non-inter-level travel turns spent in this place divided by the number of levels of this place that you've seen.
                   A       B       C       D       E      F
               +-------+-------+-------+-------+-------+----------------------
         Total | 100.0 | 100.0 |   2.0 |  15.6 |  65.0 | 785.3
       Dungeon | 100.0 | 100.0 |   2.0 |  15.6 |  65.0 | 785.3
               +-------+-------+-------+-------+-------+----------------------

Table legend:
 A = Kills in this place as a percentage of kills in entire the game.
 B = Kills by you in this place as a percentage of kills by you in the entire game.
 C = Kills by friends in this place as a percentage of kills by friends in the entire game.
 D = Other kills in this place as a percentage of other kills in the entire game.
 E = Experience gained in this place as a percentage of experience gained in the entire game.
 F = Experience gained in this place divided by the number of levels of this place that you have seen.
                   A       B       C       D       E      F
               +-------+-------+-------+-------+-------+----------------------
         Total | 100.0 | 100.0 |   N/A |   N/A | 100.0 | 518.8
       Dungeon | 100.0 | 100.0 |   N/A |   N/A | 100.0 | 518.8
               +-------+-------+-------+-------+-------+----------------------

Skill      XL: |  1  2  3  4  5  6  7  8  9 |
---------------+----------------------------+-----
Axes           | 4 5 7 8 9 11 13 14 | 14.3
Fighting       | 6 |  6.4
Armour         | 5 |  5.7
Dodging        | |  2.1

Action                   |  1- 3 |  4- 6 |  7- 9 || total
-------------------------+-------+-------+-------++-------
Melee: Hand axe          |    82 |   124 |   300 ||   506
       Headbutt          |    16 |    37 |    71 ||   124
       Unarmed           |       |     7 |       ||     7
       Battleaxe         |       |       |    21 ||    21
Invok: Berserk           |       |     1 |     6 ||     7
Evoke: Wand              |       |     1 |       ||     1
  Use: Scroll            |       |       |    18 ||    18
  Eat: Chunk             |     1 |     7 |    17 ||    25
Armor: Animal skin       |     7 |       |       ||     7
       Scale mail        |    24 |     8 |       ||    32
       Pearl dragon scal |       |    38 |   146 ||   184
       Skin              |       |     3 |       ||     3
Dodge: Dodged            |    38 |    57 |   156 ||   251

Vanquished Creatures
  Prince Ribbit (D:7)
  A hippogriff (D:8)
  The ghost of Zaque the Chopper, an amateur DDMo (D:4)
  Edmund (D:6)
  Duvessa (D:7)
  A phantom (D:5)
  2 orc warriors
  An ogre (D:8)
  4 centaurs
  A crocodile (D:9)
  A big kobold (D:7)
  4 bullfrogs
  Dowan (D:7)
  A scorpion (D:5)
  3 wights (D:6)
  A howler monkey (D:3)
  A centaur zombie (D:5)
  A crimson imp (D:8)
  A quasit (D:5)
  4 hounds
  2 bullfrog skeletons
  4 orc priests
  2 jellies (D:3)
  Ijyb (D:3)
  An iguana (D:8)
  7 orc wizards
  7 worker ants
  A hound skeleton (D:4)
  A howler monkey zombie (D:6)
  A howler monkey skeleton (D:4)
  12 adders
  3 shadow imps (D:6)
  7 oozes (D:3)
  2 worms (D:2)
  2 dart slugs
  6 leopard geckos
  31 orcs
  A giant cockroach (D:1)
  6 goblins
  7 hobgoblins
  7 jackals (D:6)
  21 kobolds
  2 quokkas
  A ball python (D:2)
  9 bats
  8 frilled lizards
  A goblin skeleton (D:5)
  3 goblin zombies (D:5)
  4 hobgoblin zombies (D:5)
  A kobold skeleton (D:5)
  A leopard gecko zombie (D:5)
  2 orc skeletons (D:5)
  An orc zombie (D:5)
  2 quokka skeletons (D:4)
  5 rats
204 creatures vanquished.

Vanquished Creatures (others)
  A plant (D:2)
  10 toadstools (D:3)
11 creatures vanquished.

Grand Total: 215 creatures vanquished
